 Adventure DCSS version bcrawl-1.18.1 (webtiles) character file.

Game seed: 4680485515114318182

1963 Leeroy the Destroyer (level 9, -5/56 HPs)
             Began as a Skeleton Reaver on Nov 10, 2019.
             Was an Elder of Vehumet.
             Slain by a blink frog (8 damage)
             ... on level 1 of the Lair of Beasts.
             The game lasted 00:41:29 (12316 turns).

Leeroy the Destroyer (Skeleton Reaver)             Turns: 12316, Time: 00:41:29

Health: -5/56      AC:  9    Str: 17 (18) XL:     9   Next: 0%
Magic:  0/19       EV: 14    Int: 11 (13) God:    Vehumet [****..]
Gold:   900        SH:  0    Dex: 10      Spells: 0/21 levels left
                                        Lives:  0   Deaths: 2

rFire    + . .     SeeInvis +   w - +4 trident (flame)
rCold    . . .     Gourm    .   (no shield)
rNeg     + + +     Faith    .   b - +1 steam dragon scales
rPois    ∞         Spirit   +   z - +1 hat {SInv}
rElec    .         Reflect  .   H - +0 cloak
rCorr    .         Harm     .   (no gloves)
MR       +....                  (no boots)
Stlth    +++.......             (no amulet)
HPRegen  0.18/turn              q - ring of fire
MPRegen  0.16/turn              A - ring of stealth

@: no status effects
A: no food or potions, cold resistance 1, deterioration 1, negative energy
resistance 3, powered by death 1, torment resistance, unbreathing, magic shield,
sturdy frame 2, spell healing
a: Renounce Religion


You were on level 1 of the Lair of Beasts.
You worshipped Vehumet.
Vehumet was greatly pleased with you.
You were not hungry.

You visited 2 branches of the dungeon, and saw 10 of its levels.

You collected 900 gold pieces.

Inventory:

Hand Weapons
 a - a +0 long sword
 j - a +2 quarterstaff of chaos
 n - a +0 blowgun
 p - a +1 vampiric dagger
 r - a +0 short sword
 w - a +4 trident of flaming (weapon)
 B - a +0 shortbow
 F - a +1 spear of venom
 G - a +1 mace of protection
 J - a +0 dire flail
 K - a +0 rapier of electrocution
Missiles
 f - 95 poisoned tomahawks (quivered)
 l - 89 javelins
 o - 230 poisoned needles
 v - 61 tomahawks
 C - 639 arrows
Armour
 b - +1 steam dragon scales (worn)
 d - a +0 helmet
 z - a +1 hat of see invisible (worn)
 H - a +0 cloak (worn)
Jewellery
 q - a ring of fire (left hand)
 A - a ring of stealth (right hand)
Wands
 g - a wand of flame (15)
 k - a wand of enslavement (7)
 L - a wand of iceblast (6)
Scrolls
 c - 5 scrolls of immolation
 e - a scroll of amnesia
 h - a scroll of magic mapping {unknown}
 i - 4 scrolls of remove curse
 m - a scroll of enchant armour
 s - 2 scrolls of noise {unknown}
 t - a scroll of blinking {unknown}
 u - a scroll of enchant weapon {unknown}
 y - 2 scrolls of fog
 D - a scroll of torment {unknown}
 E - a scroll of fear {unknown}
 I - 3 scrolls of identify
 M - a scroll of teleportation
Potions
 x - 3 potions of curing {unknown}


   Skills:
 - Level 6.4 Fighting
 - Level 8.0 Long Blades
 - Level 7.3 Polearms
 + Level 5.1 Armour
 - Level 6.1 Dodging
 - Level 6.7 Spellcasting
 - Level 8.2 Conjurations
 - Level 3.3 Hexes
 - Level 0.4 Earth Magic


You couldn't memorise any spells.
You knew the following spells:

 Your Spells              Type           Power        Failure   Level  Hunger
a - Sting                 Conj/Pois      ##..         1%          1    N/A
b - Conjure Flame         Conj/Fire      ###.....     2%          3    N/A
c - Iskenderun's Battles  Conj/Chrm      ##......     24%         5    N/A
d - Stone Arrow           Conj/Erth      ##....       2%          3    N/A
e - Ignite Poison         Fire/Tmut/Pois #.......     14%         3    N/A
f - Dazzling Spray        Conj/Hex       ###...       1%          3    N/A
g - Confuse               Hex            ##......     14%         3    N/A

Your spell library contained the following spells:

 Spells                   Type           Power        Failure   Level  Hunger
 Yara's Violent Unravell  Hex/Tmut       #.........   22%         4    N/A
 Petrify                  Tmut/Erth      #.......     86%         4    N/A
 Metabolic Englaciation   Hex/Ice        #.........   94%         5    N/A
 Mana Rupture             Conj/Hex       ###.......   96%         7    N/A

Dungeon Overview and Level Annotations

Branches:
Dungeon (8/12)             Temple (0/1) D:5            Lair (2/6) D:8
  Swamp: Lair:2-4    Shoals: Lair:2-4     Snake: Lair:2-4    Spider: Lair:2-4
    Orc: D:8-11

Altars:
Fedhas
Gozag
Hepliaklqana
Kikubaaqudgha
Trog
Uskayaw
Wu Jian
Xom
Yredelemnul
Zin

Shops:
D:4 !   D:6 :

Annotations:
D:4 2 transporters


Innate Abilities, Weirdness & Mutations

You do not eat or drink.
You are immune to poison.
Your flesh is cold resistant. (rC+)
Your body sometimes deteriorates upon taking damage.
You are immune to negative energy. (rN+++)
You regenerate a little health from kills.
You are immune to unholy pain and torment.
You can survive without breathing.
When hurt, damage is shared between your health and your magic reserves.
Your movements are less encumbered by armour. (ER -4)
Casting spells heals you.


Message History

The blink frog blinks!
You miss the blink frog. The blink frog hits you. The blink frog misses you.
Casting: Ignite Poison (safe; 13% risk of failure)
Confirm with . or Enter, or press ? or * to list all spells.
Aiming: Sting (safe; 1% risk of failure)
Press: ? - help, Shift-Dir - straight line, f/p - blink frog
Aim: a blink frog (almost dead)
The sting misses the blink frog.
The blink frog blinks!
The blink frog closely misses you. The blink frog hits you.
* * * LOW HITPOINT WARNING * * *
You puncture the blink frog! You burn the blink frog.
The blink frog is moderately wounded.
The blink frog barely misses you. The blink frog hits you!
* * * LOW HITPOINT WARNING * * *
Your body deteriorates!
You feel dopey.
The blink frog blinks!
You puncture the blink frog! You burn the blink frog.
The blink frog is severely wounded.
The blink frog hits you!
You die...

###### ######
#####.##P####.##.################
.................................
...................#.#.#....###.#
..................F#####.........
...######..####....# #...#....#
...## #...# #.F..# #...#+####
...(# ##..## #.@..# #......§..
...## #....# #..§.#####....[.^..
...# ##...# #....P##....##..##.
...# #P..## #.§..........####P.
...# ##..# #...........## ##.
...# #..# #............# #. ...##
#..# #...........## #.
....#####..# #...........### #.
...........# #.............####.


You could see 2 blink frogs.

Vanquished Creatures
  An ugly thing (D:8)
  Grinder (D:4)
  3 blink frogs (Lair:1)
  A basilisk (Lair:1)
  A water moccasin (Lair:1)
  2 porcupines (Lair:1)
  Duvessa (D:7)
  2 orc warriors (D:8)
  3 ice beasts
  A phantom (D:7)
  2 black bears
  3 sky beasts
  4 ogres
  A necrophage (D:5)
  A crocodile (D:8)
  A centaur (D:5)
  A bullfrog (D:5)
  Dowan (D:7)
  A wyvern skeleton (D:7)
  A scorpion (D:4)
  4 howler monkeys (D:8)
  8 crimson imps
  A hound (D:8)
  4 orc wizards
  A quasit (D:3)
  A gnoll shaman (D:6)
  3 orc priests
  Crazy Yiuf (D:7)
  A bullfrog skeleton (D:8)
  A centaur skeleton (D:5)
  4 iguanas
  7 worker ants
  2 hound zombies
  5 gnolls (D:6)
  7 adders
  A river rat (D:5)
  2 shadow imps
  An ooze (D:2)
  A worm (D:5)
  2 adder skeletons
  2 dart slugs
  7 leopard geckos
  44 orcs
  6 giant cockroaches
  4 goblins
  9 hobgoblins
  5 quokkas
  2 ball pythons (D:5)
  11 bats
  6 frilled lizards
  A jackal skeleton (D:4)
  10 kobolds
  A quokka zombie (D:5)
  5 rats
202 creatures vanquished.

Vanquished Creatures (collateral kills)
  A death yak (D:7)
1 creature vanquished.

Grand Total: 203 creatures vanquished

Notes
Turn   | Place    | Note
-------+----------+-------------------------------------------
     0 | D:1      | Leeroy the Skeleton Reaver began the quest for the Orb.
     0 | D:1      | Reached XP level 1. HP: 14/14 MP: 4/4
    99 | D:1      | Reached XP level 2. HP: 15/19 MP: 4/6
   599 | D:1      | Reached * piety under Vehumet
   599 | D:1      | Offered knowledge of Sting by Vehumet.
   602 | D:1      | Learned a level 1 spell: Sting
   719 | D:2      | Reached skill level 5 in Long Blades
   776 | D:2      | Reached XP level 3. HP: 23/23 MP: 7/7
   816 | D:2      | Found a basalt altar of Yredelemnul.
  1040 | D:2      | Found a faded altar of an unknown god.
  1169 | D:2      | Found an ancient bone altar of Kikubaaqudgha.
  1169 | D:2      | Found a hazy altar of Hepliaklqana.
  1179 | D:2      | Found an ornate altar of the Wu Jian Council.
  1181 | D:2      | Found a blossoming altar of Fedhas.
  1183 | D:2      | Found a faded altar of an unknown god.
  1429 | D:2      | Reached XP level 4. HP: 28/28 MP: 5/8
  1806 | D:3      | Reached XP level 5. HP: 22/32 MP: 5/9
  1865 | D:3      | Offered knowledge of Flame Tongue by Vehumet.
  1878 | D:3      | Reached ** piety under Vehumet
  2066 | D:4      | Found Jamo's Distillery.
  2255 | D:4      | Gained mutation: You regenerate a little health from kills.
                  | [Skeleton growth]
  2255 | D:4      | Reached XP level 6. HP: 37/37 MP: 7/10
  2316 | D:4      | Noticed Grinder
  2339 | D:4      | Killed Grinder
  2339 | D:4      | Reached skill level 5 in Dodging
  2619 | D:4      | Found a bloodstained altar of Trog.
  2655 | D:4      | Found a transporter.
  2657 | D:4      | Noticed a fire bat
  2732 | D:4      | Found a transporter.
  2847 | D:4      | Noticed a sky beast
  3183 | D:5      | Entered Level 5 of the Dungeon
  3222 | D:4      | Killed a sky beast
  3222 | D:4      | Reached XP level 7. HP: 23/41 MP: 7/11
  3341 | D:3      | Found an opulent altar of Gozag.
  3991 | D:4      | Offered knowledge of Conjure Flame by Vehumet.
  3996 | D:4      | Learned a level 3 spell: Conjure Flame
  4002 | D:4      | Learned a level 5 spell: Iskenderun's Battlesphere
  4066 | D:3      | Reached skill level 1 in Polearms
  4137 | D:5      | Found a staircase to the Ecumenical Temple.
  4167 | D:5      | Found a hide-covered altar of Uskayaw.
  4168 | D:5      | Noticed a +0 dagger
  4168 | D:5      | Noticed a +0 hand axe
  4360 | D:5      | Reached skill level 5 in Polearms
  4360 | D:5      | Reached XP level 8. HP: 36/46 MP: 9/12
  4486 | D:5      | Reached *** piety under Vehumet
  5096 | D:6      | HP: 2/46 [orc priest/divine providence (11)]
  6392 | D:6      | Found Ofoar's Book Boutique.
  6484 | D:6      | Reached skill level 5 in Fighting
  6534 | D:6      | Offered knowledge of Stone Arrow by Vehumet.
  6619 | D:6      | Learned a level 3 spell: Stone Arrow
  7421 | D:7      | Found a runed door.
  7425 | D:7      | Noticed Crazy Yiuf
  7433 | D:7      | Killed Crazy Yiuf
  7579 | D:7      | Noticed Duvessa
  7966 | D:8      | Reached XP level 9. HP: 35/56 MP: 5/13
  8066 | D:8      | Noticed a death yak
  8243 | D:8      | Noticed a brown ugly thing
  8254 | D:8      | Killed a brown ugly thing
  8267 | D:8      | Reached **** piety under Vehumet
  8299 | D:7      | Noticed Dowan
  8515 | D:8      | Offered knowledge of Ignite Poison by Vehumet.
  9445 | D:7      | Killed Dowan
  9454 | D:7      | Killed Duvessa
  9552 | D:7      | Reached skill level 5 in Spellcasting
  9594 | D:7      | Found a glowing silver altar of Zin.
  9655 | D:7      | Learned a level 3 spell: Ignite Poison
  9659 | D:7      | Learned a level 3 spell: Dazzling Spray
  9857 | D:7      | Found a shimmering altar of Xom.
 10004 | D:8      | Noticed a death yak
 10006 | D:8      | Noticed a death yak
 10562 | D:7      | Learned a level 3 spell: Confuse
 11103 | D:8      | Gained mutation: Your movements are less encumbered by
                  | armour. (ER -4) [Skeleton growth]
 11103 | D:8      | Reached XP level 10. HP: 61/61 MP: 20/20
 11172 | D:7      | Killed a death yak
 11176 | D:7      | HP: 3/61 [death yak (5)]
 11178 | D:7      | Slain by a death yak
 11179 | D:7      | Reached XP level 9. HP: -5/56 MP: 0/19
 11440 | D:8      | Found a staircase to the Lair.
 11456 | Lair:1   | Entered Level 1 of the Lair of Beasts
 11499 | Lair:1   | Reached skill level 1 in Armour
 11803 | Lair:2   | Noticed a cane toad
 11975 | Lair:1   | HP: 2/56 [blink frog (11)]
 11977 | Lair:1   | Slain by a blink frog
 11978 | Lair:1   | Reached XP level 8. HP: -3/52 MP: 0/18
 12180 | Lair:1   | Killed a blink frog
 12191 | Lair:1   | Killed a blink frog
 12299 | Lair:1   | Killed a blink frog
 12299 | Lair:1   | Reached skill level 5 in Armour
 12299 | Lair:1   | Reached XP level 9. HP: 43/56 MP: 10/19
 12316 | Lair:1   | Slain by a blink frog

Skill      XL: |  1  2  3  4  5  6  7  8  9 10 |
---------------+-------------------------------+-----
Long Blades    | 4 5 6 8 |  8.0
Dodging        | 5 6 |  6.1
Polearms       | 5 7 |  7.3
Fighting       | 6 |  6.4
Conjurations   | 2 8 |  8.2
Spellcasting   | 6 |  6.7
Hexes          | 3 |  3.3
Armour         | 5 2 |  5.1
Earth Magic    | |  0.4

Action                   |  1- 3 |  4- 6 |  7- 9 | 10-12 || total
-------------------------+-------+-------+-------+-------++-------
Melee: Long sword        |   163 |   191 |    46 |       ||   400
       Trident           |       |       |   453 |    12 ||   465
 Cast: Sting             |     7 |    29 |    45 |     1 ||    82
       Conjure Flame     |       |       |    17 |       ||    17
       Stone Arrow       |       |       |     2 |       ||     2
       Ignite Poison     |       |       |     6 |     1 ||     7
       Confuse           |       |       |     4 |     1 ||     5
       Dazzling Spray    |       |       |     4 |     1 ||     5
Evoke: Wand              |       |     3 |     4 |       ||     7
  Use: Scroll            |       |     2 |     6 |     2 ||    10
 Stab: Sleeping          |       |       |     2 |       ||     2
       Distracted        |       |       |     1 |       ||     1
Armor: Steam dragon scal |    61 |    79 |   106 |     1 ||   247
Dodge: Dodged            |   141 |   123 |   267 |    10 ||   541
Block: Other             |       |     7 |     4 |       ||    11
